 Dungeon Crawl Stone Soup version 0.24.0-37-gcf1ca852f1 (webtiles) character file.

Game seed: 14807325486283193543, levelgen mode: deterministic

81 KeeTraxx the Charmwright (level 4, 0/38 HPs)
             Began as a Gnoll Skald on Dec 3, 2019.
             Killed from afar by an orc priest (11 damage)
             ... with a puff of flame
             ... on level 3 of the Dungeon.
             The game lasted 00:03:33 (1981 turns).

KeeTraxx the Charmwright (Gnoll Skald)              Turns: 1981, Time: 00:03:34

Health: 0/38       AC:  3    Str: 14    XL:     4   Next: 42%
Magic:  7/11       EV: 13    Int: 16    God:
Gold:   64         SH:  4    Dex: 14    Spells: 6/13 levels left

rFire    . . .     SeeInvis .   a - +0 spear
rCold    . . .     Gourm    .   f - +0 buckler
rNeg     . . .     Faith    .   b - +0 leather armour
rPois    .         Spirit   .   (no helmet)
rElec    .         Reflect  .   (no cloak)
rCorr    .         Harm     .   (no gloves)
MR       .....                  (no boots)
Stlth    +.........             (no amulet)
HPRegen  0.12/turn              (no ring)
MPRegen  0.12/turn              (no ring)

@: very slightly contaminated
A: distributed training, fangs 1, strong nose
a: no special abilities


You were on level 3 of the Dungeon.
You were not hungry.

You visited 1 branch of the dungeon, and saw 3 of its levels.

You collected 64 gold pieces.

Inventory:

Hand Weapons
 a - a +0 spear (weapon)
 k - a +0 hunting sling
Missiles
 l - 49 stones (quivered)
 n - 6 curare-tipped darts
 o - 7 atropa-tipped darts
Armour
 b - a +0 leather armour (worn)
 f - a +0 buckler (worn)
Scrolls
 c - 7 scrolls of identify {unknown}
 e - 3 scrolls of amnesia {unknown}
 h - a scroll of magic mapping {unknown}
 i - a scroll of enchant armour {unknown}
 j - a scroll of remove curse {unknown}
 p - 4 scrolls of teleportation {unknown}
 q - a scroll of random uselessness {unknown}
Potions
 g - 2 potions of heal wounds {unknown}
 r - 2 potions of magic {unknown}
Comestibles
 d - 3 rations
 m - 4 chunks of flesh


   Skills:
 + Level 4.6 Fighting
 + Level 1.1 Short Blades
 + Level 1.1 Long Blades
 + Level 1.1 Axes
 + Level 1.1 Maces & Flails
 + Level 4.6 Polearms
 + Level 1.1 Staves
 + Level 1.1 Slings
 + Level 1.1 Bows
 + Level 1.1 Crossbows
 + Level 1.1 Throwing
 + Level 2.7 Armour
 + Level 4.6 Dodging
 + Level 1.1 Stealth
 + Level 1.1 Shields
 + Level 1.1 Unarmed Combat
 + Level 5.0 Spellcasting
 + Level 0.8 Conjurations
 + Level 0.8 Hexes
 + Level 5.4 Charms
 + Level 0.8 Summonings
 + Level 0.8 Necromancy
 + Level 0.8 Translocations
 + Level 0.8 Transmutations
 + Level 0.8 Fire Magic
 + Level 0.8 Ice Magic
 + Level 0.8 Air Magic
 + Level 0.8 Earth Magic
 + Level 0.8 Poison Magic
 + Level 1.2 Invocations
 + Level 1.1 Evocations


You had 6 spell levels left.
You knew the following spells:

 Your Spells              Type           Power        Failure   Level  Hunger
a - Infusion              Chrm           ###.         2%          1    None
b - Regeneration          Chrm/Necr      ##........   22%         3    ###....
c - Spectral Weapon       Hex/Chrm       ##......     22%         3    ###....

Your spell library contained the following spells:

 Spells                   Type           Power        Failure   Level  Hunger
 Song of Slaying          Chrm           ###.....     4%          2    #......
 Shroud of Golubria       Chrm/Tloc      ##....       11%         2    #......


Dungeon Overview and Level Annotations

Branches:
Dungeon (3/15)

Altars:
Ashenzari
Dithmenos
Fedhas
Makhleb
Yredelemnul


Innate Abilities, Weirdness & Mutations

Your experience applies equally to all skills.
You have very sharp teeth.
Your uncanny sense of smell can sniff out nearby items.


Message History

The orc priest zaps a wand.
The puff of flame hits you!
You closely miss the orc priest.
The orc priest is moderately wounded.
Your spectral weapon hits the orc priest but does no damage.
The orc priest hits you but does no damage.
You barely miss the orc priest.
The orc priest is moderately wounded.
Your spectral weapon hits the orc priest but does no damage.
The orc priest closely misses you.
You hit the orc priest but do no damage.
The orc priest is lightly wounded.
Your spectral weapon hits the orc priest but does no damage.
The orc priest hits you.
* * * LOW HITPOINT WARNING * * *
You hit the orc priest but do no damage.
You bite the orc priest, but do no damage.
The orc priest is lightly wounded.
Your spectral weapon barely misses the orc priest.
The orc priest zaps a wand.
The puff of flame hits you!
You die...

# # # # ∆ # #
##############. #
<........%.....∆ #
#......?).######## #
.........(@oo.....
######..#######.##......
.....#..# #.# .....
.....#..# #.# ....
_.####..# ###'## ∆$..
........# #....# ..
#.#####.# #....# #
..#.....#####....#
..##.#...........#


You could see an orc priest, an orc and a friendly spectral +0 spear.

Vanquished Creatures
  3 adders
  A worm (D:2)
  A dart slug (D:1)
  4 leopard geckos
  2 orcs (D:3)
  4 giant cockroaches
  4 goblins
  4 hobgoblins
  5 kobolds
  4 bats
  9 frilled lizards
  4 rats
45 creatures vanquished.

Notes
Turn   | Place    | Note
-------+----------+-------------------------------------------
     0 | D:1      | KeeTraxx the Gnoll Skald began the quest for the Orb.
     0 | D:1      | Reached XP level 1. HP: 20/20 MP: 6/6
   216 | D:1      | Reached XP level 2. HP: 20/26 MP: 7/7
   509 | D:1      | Reached XP level 3. HP: 30/31 MP: 9/9
   925 | D:2      | Found a basalt altar of Yredelemnul.
   926 | D:2      | Found a blossoming altar of Fedhas.
   926 | D:2      | Found a shattered altar of Ashenzari.
  1030 | D:2      | Reached skill level 5 in Spellcasting
  1101 | D:2      | Learned a level 3 spell: Regeneration
  1105 | D:2      | Learned a level 3 spell: Spectral Weapon
  1185 | D:2      | Reached skill level 1 in Invocations
  1327 | D:2      | Reached skill level 1 in Short Blades
  1327 | D:2      | Reached skill level 1 in Long Blades
  1327 | D:2      | Reached skill level 1 in Axes
  1327 | D:2      | Reached skill level 1 in Maces & Flails
  1327 | D:2      | Reached skill level 1 in Staves
  1327 | D:2      | Reached skill level 1 in Slings
  1327 | D:2      | Reached skill level 1 in Bows
  1327 | D:2      | Reached skill level 1 in Crossbows
  1327 | D:2      | Reached skill level 1 in Throwing
  1327 | D:2      | Reached skill level 1 in Stealth
  1327 | D:2      | Reached skill level 1 in Shields
  1327 | D:2      | Reached skill level 1 in Unarmed Combat
  1327 | D:2      | Reached skill level 1 in Evocations
  1340 | D:2      | Reached XP level 4. HP: 38/38 MP: 9/11
  1680 | D:3      | Found a burning altar of Makhleb.
  1711 | D:3      | Found a shadowy altar of Dithmenos.
  1981 | D:3      | Killed from afar by an orc priest

Levels and vault maps discovered:
D:1:      lightli_arrival_farm, layout_loops_ring
D:2:      layout_basic, chequers_temple_overflow_statue_of_worship
D:3:      layout_basic, bloody_makhleb, nicolae_dithmenos_shadow_blocks

Skill      XL: |  1  2  3 |
---------------+----------+-----
Spellcasting   | 5 |  5.0
Invocations    | 1 |  1.2
Short Blades   | 1 |  1.1
Long Blades    | 1 |  1.1
Axes           | 1 |  1.1
Maces & Flails | 1 |  1.1
Staves         | 1 |  1.1
Slings         | 1 |  1.1
Bows           | 1 |  1.1
Crossbows      | 1 |  1.1
Throwing       | 1 |  1.1
Stealth        | 1 |  1.1
Shields        | 1 |  1.1
Unarmed Combat | 1 |  1.1
Evocations     | 1 |  1.1
Fighting       | |  4.6
Polearms       | |  4.6
Armour         | |  2.7
Dodging        | |  4.6
Conjurations   | |  0.8
Hexes          | |  0.8
Charms         | |  5.4
Summonings     | |  0.8
Necromancy     | |  0.8
Translocations | |  0.8
Transmutations | |  0.8
Fire Magic     | |  0.8
Ice Magic      | |  0.8
Air Magic      | |  0.8
Earth Magic    | |  0.8
Poison Magic   | |  0.8

Action                   |  1- 3 |  4- 6 || total
-------------------------+-------+-------++-------
Melee: Spear             |   107 |    44 ||   151
       Bite              |     9 |     4 ||    13
 Cast: Spectral Weapon   |     2 |     4 ||     6
       Infusion          |     1 |     1 ||     2
       Regeneration      |       |     1 ||     1
 Stab: Sleeping          |     4 |     1 ||     5
  Eat: Chunk             |     2 |     2 ||     4
Armor: Leather armour    |    14 |     4 ||    18
Dodge: Dodged            |    37 |    12 ||    49
Block: Buckler           |     6 |     3 ||     9
